AoeStats
← Bliitzz67

Arena

509071105Analyzed
4v4 RM · 8d ago on Sep 25, 2026· 43m 44s· 8 players
Game mode
Random Map
Map size
Large (8 player)
Population
200
Speed
Normal
Resources
Standard
Victory
Conquest
Starting age
Dark Age
Ending age
Imperial Age
RankedLock teamsTeams togetherTeam positionsShared explorationLock speedFull tech treeHidden civsTurbo modeCheats
Victory
Defeat
🇦🇺 Mongols · Australia
1175
+11
🇦🇺 Italians · Australia
1064
+16
🇦🇺 Franks · Australia
980
+19
🇦🇺 Varangians · Australia
830
+25
🇨🇳 Sicilians · China
1080
-18
🇨🇳 Persians · China
1077
-19
🇫🇷 Lithuanians · France
1031
-17
🇨🇿 Turks · Czechia
1023
-17
若叶睦
10:31 Feudal Age
15:22 Castle Age
13:17 Horse Collar
16:12 Double-Bit Axe
20:49 Stone Mining
21:20 Bow Saw
21:50 Heavy Plow
22:42 Scale Barding Armor
22:41 Scale Mail Armor
29:31 Imperial Age
27:52 Stone Mining
27:54 Gold Mining
30:28 Wheelbarrow
32:26 Hand Cart
32:24 Man-at-Arms
32:49 Gambesons
32:25 Pikeman
33:07 Squires
34:06 Long Swordsman
35:54 Crop Rotation
38:48 Conscription
37:53 Pikeman
37:54 Two-Handed Swordsman
39:15 Champion
41:14 Gold Shaft Mining
40:39 Halberdier
41:07 Arson
JozefCZ
2:59 Loom
11:32 Feudal Age
16:26 Castle Age
14:30 Double-Bit Axe
14:38 Horse Collar
17:42 Bow Saw
19:07 Heavy Plow
20:33 Wheelbarrow
25:10 Imperial Age
23:06 Masonry
24:07 Hand Cart
26:33 Ballistics
26:25 Fortified Wall
29:18 Two-Man Saw
34:10 Hoardings
36:10 Bloodlines
36:03 Husbandry
36:10 Scale Barding Armor
36:16 Forging
王哪跑
10:24 Feudal Age
11:36 Double-Bit Axe
14:34 Castle Age
12:48 Horse Collar
21:44 Heavy Plow
28:03 Imperial Age
26:22 Wheelbarrow
26:07 Forging
26:29 Gold Mining
27:41 Iron Casting
27:12 Scale Barding Armor
27:28 Hand Cart
27:36 Husbandry
27:47 Bloodlines
28:03 Bow Saw
27:46 Cavalier
29:30 Gold Shaft Mining
28:47 Stone Mining
30:06 Chemistry
29:54 Chain Barding Armor
30:17 Conscription
31:29 Stone Shaft Mining
30:59 Savar
33:26 Blast Furnace
33:47 Plate Barding Armor
Bliitzz67
0:33 Loom
9:36 Feudal Age
14:40 Castle Age
14:18 Double-Bit Axe
14:16 Horse Collar
17:25 Wheelbarrow
TrenchCoat_Trent
10:34 Feudal Age
14:13 Castle Age
12:06 Double-Bit Axe
12:30 Horse Collar
15:18 Bow Saw
19:28 Loom
22:45 Heavy Plow
23:31 Wheelbarrow
23:53 Stone Mining
24:48 Hand Cart
25:23 Gold Mining
26:11 Stone Shaft Mining
30:02 Imperial Age
27:30 Fletching
28:15 Bodkin Arrow
28:20 Padded Archer Armor
28:49 Ballistics
30:15 Elite Genoese Crossbowman
30:59 Bracer
32:01 Chemistry
32:38 Conscription
32:36 Leather Archer Armor
32:33 Masonry
32:19 Murder Holes
32:57 Scale Barding Armor
36:40 Ring Archer Armor
36:11 Scale Mail Armor
36:56 Forging
38:09 Architecture
37:09 Pikeman
37:49 Squires
37:52 Treadmill Crane
38:29 Chain Mail Armor
39:27 Iron Casting
41:01 Plate Mail Armor
44:13 Blast Furnace
43:44 Arson
Big Red
9:53 Feudal Age
11:34 Loom
14:05 Castle Age
11:58 Double-Bit Axe
12:34 Horse Collar
24:35 Wheelbarrow
23:46 Town Watch
25:04 Bow Saw
24:59 Heavy Plow
27:54 Hand Cart
27:45 Fletching
28:02 Scale Barding Armor
27:58 Padded Archer Armor
28:10 Stone Mining
28:10 Gold Mining
31:12 Imperial Age
29:00 Gold Mining
29:00 Stone Mining
30:20 Town Patrol
31:15 Ballistics
31:22 Bodkin Arrow
31:33 Scale Barding Armor
31:43 Bloodlines
31:34 Husbandry
32:03 Bracer
33:10 Chain Barding Armor
33:54 Chemistry
34:02 Conscription
34:06 Padded Archer Armor
34:05 Capped Ram
35:54 Drill
35:56 Elite Mangudai
40:00 Forging
39:42 Light Cavalry
39:58 Siege Ram
42:26 Heavy Camel Rider
43:39 Hussar
rkolk91
11:43 Feudal Age
16:00 Castle Age
18:21 Husbandry
18:51 Light Cavalry
20:27 Double-Bit Axe
21:48 Bloodlines
32:02 Bow Saw
33:07 Squires
38:15 Horse Collar
38:41 Arson
Flasher_Fred
7:04 Loom
11:06 Feudal Age
12:03 Feudal Age
13:45 Wheelbarrow
17:45 Double-Bit Axe
21:15 Castle Age
22:26 Bow Saw
22:38 Hand Cart
27:37 Fortified Wall
30:41 Scale Barding Armor
32:54 Forging
34:19 Gold Mining
35:04 Chain Barding Armor
35:41 Iron Casting
36:50 Husbandry
40:25 Imperial Age
40:05 Gold Shaft Mining
40:38 Cavalier
42:04 Plate Barding Armor
42:30 Blast Furnace
42:21 Paladin
Connection lost

Rejoining the realm…

Still unreachable

The connection could not be restored.

Session expired

The server has moved on; the page needs a fresh start.